Map: Ascension to Aiur LE

Players

SpeCial - Winner!

  • Race: Terran Terran
  • League: Grandmaster
  • Spawn Location: 5:00

JimRising

  • Race: Zerg Zerg
  • League: Grandmaster
  • Spawn Location: 11:00

VOD

Have the link to the VOD?

Description

Time

  • Played on: Nov. 23, 2017, 9:27 p.m.
  • Length: 11:51
Show
View Real Time Build Order
Export as new Build Order

SpeCial Terran - Winner!

Build Orders: Reaper Expand, MMM Bio 

Get SALT Encoding   

  12  0:00  SCV  
  13  0:12  SCV  
  14  0:17  Supply Depot  
  14  0:24  SCV  
  15  0:38  SCV  
  15  0:40  Barracks  
  16  0:43  Refinery  
  16  0:50  SCV  
  17  1:03  SCV  
  18  1:15  SCV  
  19  1:28  Reaper, Orbital Command  
  20  1:39  Command Center  
  20  1:49  Supply Depot  
  20  1:53  SCV  
  21  2:00  Marine  
  22  2:04  Factory  
  22  2:05  SCV  
  23  2:17  SCV  
  23  2:22  Barracks Reactor  
  24  2:32  SCV  
  25  2:39  Command Center  
  25  2:45  SCV  
  26  2:52  Orbital Command  
  26  2:57  SCV  
  29  3:05  Hellion  
  29  3:06  Hellion  
  29  3:07  Barracks Tech Lab  
  29  3:10  SCV  
  32  3:18  SCV  
  33  3:22  SCV  
  33  3:26  Marine  
  33  3:27  Hellion x2, Stimpack  
  37  3:30  SCV  
  37  3:34  SCV  
  41  3:42  SCV  
  41  3:43  Supply Depot  
  41  3:44  Marine  
  41  3:46  SCV  
  44  3:52  Orbital Command  
  44  3:54  SCV  
  45  3:57  Factory Reactor  
  45  3:58  SCV  
  45  4:02  Marine  
  47  4:03  Barracks  
  47  4:06  SCV  
  47  4:07  Barracks  
  48  4:10  SCV  
  48  4:12  Refinery  
  49  4:18  SCV x2  
  49  4:19  Marine  
  49  4:22  SCV  
  53  4:27  Supply Depot  
  53  4:30  SCV  
  53  4:31  SCV  
  55  4:34  SCV  
  55  4:37  Marine  
  55  4:38  Starport  
  57  4:43  SCV x2, Factory Reactor  
  59  4:46  SCV  
  59  4:50  Supply Depot  
  60  4:53  Engineering Bay, Refinery  
  60  4:54  Engineering Bay  
  60  4:55  SCV x2, Marine, Refinery  
  60  4:57  Marine x2  
  60  4:58  SCV  
  66  5:03  Marine x2  
  68  5:07  SCV  
  68  5:11  SCV  
  68  5:13  Marine  
  71  5:15  Marine x2, Orbital Command  
  71  5:19  SCV  
  74  5:23  SCV  
  74  5:24  Marine x2  
  74  5:26  Medivac  
  74  5:27  Medivac  
  81  5:31  SCV, Marine  
  81  5:34  Supply Depot  
  81  5:35  SCV  
  84  5:37  Terran Infantry Armor Level 1, Terran Infantry Weapons Level 1  
  84  5:39  Marine  
  84  5:41  Supply Depot  
  85  5:56  SCV x3, Marine x3  
  91  5:57  Factory Tech Lab  
  91  5:58  Barracks  
  91  5:59  Barracks  
  91  6:05  Marine x2, Combat Shields  
  91  6:08  SCV x3  
  91  6:10  Supply Depot  
  96  6:13  Marine x2  
  98  6:19  Siege Tank  
  98  6:23  Supply Depot  
  98  6:24  Supply Depot  
  101  6:31  SCV x3, Medivac, Marine x3  
  109  6:44  Medivac, Marine  
  109  6:45  SCV x3  
  115  6:51  Marine  
  116  6:54  Barracks Reactor  
  116  6:55  Barracks Reactor  
  116  6:57  SCV x3  
  116  6:58  Marine x2  
  116  7:01  Siege Tank, Medivac  
  117  7:05  Supply Depot  
  117  7:07  Armory  
  117  7:08  Marine x2  
  115  7:09  SCV x3, Marine  
  115  7:12  Supply Depot  
  115  7:14  Medivac, Liberator  
  116  7:15  Marine  
  116  7:16  Marine  
  116  7:20  Refinery x2  
  116  7:21  SCV x2  
  119  7:26  Marine x2  
  119  7:27  Marine  
  119  7:28  Supply Depot x2  
  122  7:31  Marine x2  
  122  7:32  Command Center  
  122  7:33  Marine x3  
  122  7:34  Marine  
  122  7:36  Siege Tank  
  134  7:43  Marine  
  135  7:44  Marine  
  135  7:45  Marine  
  135  7:49  Marine x2  
  134  7:51  Marine x4  
  127  8:01  Marine  
  127  8:02  SCV, Marine  
  127  8:03  Marine  
  127  8:04  Factory  
  127  8:05  Supply Depot, Terran Infantry Weapons Level 2  
  131  8:06  Marine  
  131  8:07  Marine, Terran Infantry Armor Level 2  
  131  8:09  Marine x3  
  131  8:10  Marine  
  137  8:14  Barracks  
  137  8:17  Barracks  
  137  8:19  Barracks, Marine  
  137  8:20  Siege Tank, Marine  
  137  8:21  Marine  
  137  8:24  Marine x2  
  140  8:27  Marine x3  
  140  8:28  Marine  
  140  8:31  Missile Turret  
  139  8:34  Missile Turret  
  139  8:35  Sensor Tower  
  139  8:37  Marine x2  
  139  8:38  Marine  
  142  8:42  Marine x2  
  142  8:44  Medivac x2, Marine  
  142  8:45  Marine x3  
  151  8:51  Factory Reactor  
  151  8:52  Siege Tank  
  151  8:55  Marine x2  
  155  8:56  Marine  
  155  9:00  Marine x2  
  155  9:02  Marine x3  
  158  9:03  Marine  
  158  9:05  Marine  
  158  9:07  Barracks Tech Lab, Barracks Reactor  
  158  9:08  Planetary Fortress, Missile Turret  
  162  9:13  Marine, Terran Vehicle And Ship Armor Level 1  
  162  9:14  Marauder, Marine  
  166  9:17  Medivac x2  
  166  9:18  Marine x2  
  166  9:20  Marine x3  
  166  9:21  Marine  
  166  9:22  Marine  
  177  9:27  Marauder  
  177  9:28  Widow Mine x2  
  180  9:31  Marine  
  180  9:32  Marine  
  180  9:35  Marauder  
  180  9:39  Supply Depot  
  180  9:40  Supply Depot  
  180  9:47  Barracks Tech Lab  
  180  9:54  Drilling Claws  
  180  10:00  Marine x6  
  180  10:01  Marine, Marauder, Thor  
  195  10:09  Marauder  
  195  10:14  Medivac  
  196  10:15  Marauder  
  186  10:21  Marine x2  
  186  10:22  Marine, Marauder, Widow Mine x2  
  169  10:28  Marine  
  169  10:30  Medivac, Marauder  
  169  10:35  Marine x5  
  164  10:36  Marauder  
  169  10:43  Widow Mine  
  169  10:44  Marauder, Marine x2  
  169  10:46  Marine x2  
  169  10:47  Marine  
  166  10:51  Marine, Widow Mine  
  166  10:53  Marine  
  166  10:55  Medivac, Marine x2  
  166  10:56  Marine x2  
  158  10:57  Marine  
  158  11:00  Medivac  
  158  11:02  Marine x2  
  158  11:03  Marine  
  158  11:04  Marine  
  155  11:05  Marauder  
  155  11:07  Marine  
  155  11:09  Marauder  
  155  11:10  Command Center, Missile Turret  
  155  11:11  Marine  
  161  11:13  Marine x3  
  161  11:15  Marauder  
  161  11:16  Marine  
  173  11:20  Marine  
  173  11:23  Marine  
  173  11:24  Marine x2  
  176  11:25  Marine  
  176  11:26  Marauder  
  176  11:28  Marine  
Show
View Real Time Build Order
Export as new Build Order

JimRising Zerg 

Build Orders: Hatch First, Muta Ling Bane 

Get SALT Encoding   

  12  0:00  Drone  
  13  0:12  Overlord  
  13  0:17  Drone  
  14  0:30  Drone  
  14  0:31  Drone  
  14  0:34  Drone  
  17  0:51  Hatchery  
  17  0:56  Drone  
  17  0:59  Drone  
  18  1:05  Extractor  
  17  1:15  Spawning Pool  
  17  1:17  Drone  
  17  1:21  Drone  
  18  1:28  Drone  
  19  1:38  Overlord  
  19  1:49  Drone  
  20  2:03  Queen  
  20  2:04  Queen  
  20  2:05  Zergling x4  
  20  2:08  Metabolic Boost  
  26  2:11  Drone  
  26  2:14  Drone  
  28  2:22  Drone  
  29  2:27  Drone  
  30  2:32  Drone  
  31  2:37  Drone  
  31  2:39  Queen  
  31  2:43  Queen  
  36  2:46  Overlord  
  36  2:50  Overlord  
  36  3:06  Drone x2  
  36  3:08  Drone x2  
  36  3:11  Drone x2  
  42  3:19  Drone x4  
  46  3:26  Queen  
  48  3:27  Overlord  
  48  3:35  Queen, Overlord  
  50  3:43  Hatchery  
  49  3:50  Zergling x2  
  49  3:51  Zergling x4  
  51  3:56  Drone x3  
  51  3:57  Drone x3  
  57  4:16  Extractor, Drone  
  57  4:17  Drone x2  
  59  4:20  Zergling x2  
  59  4:21  Evolution Chamber, Zergling x2  
  60  4:36  Drone x5  
  60  4:37  Drone x2  
  67  4:48  Zerg Ground Armor Level 1  
  67  4:53  Overlord  
  67  4:57  Hatchery  
  70  5:00  Baneling Nest  
  65  5:14  Extractor, Lair  
  65  5:15  Drone x3  
  65  5:17  Drone x5  
  65  5:18  Drone x4  
  76  5:27  Evolution Chamber  
  76  5:28  Extractor, Drone x2  
  76  5:29  Drone  
  77  5:37  Drone x2  
  77  5:38  Extractor, Drone x2  
  77  5:39  Extractor, Drone  
  77  5:40  Drone  
  77  5:41  Overlord x3  
  81  5:43  Baneling x2  
  81  5:44  Baneling  
  81  5:49  Overlord x2  
  81  5:58  Zerg Melee Weapons Level 1  
  81  5:59  Overlord  
  81  6:00  Drone x3  
  81  6:03  Zergling x4  
  81  6:04  Zergling x6  
  89  6:06  Baneling x5  
  89  6:07  Baneling x2  
  89  6:08  Baneling x3  
  89  6:09  Overlord x2  
  89  6:11  Zergling x10  
  91  6:18  Zergling x2  
  95  6:24  Drone x4  
  99  6:25  Centrifical Hooks  
  99  6:28  Drone, Spire  
  99  6:39  Queen  
  97  6:45  Zergling x2  
  97  6:46  Zergling x6  
  100  6:52  Overlord  
  98  6:59  Zergling x2  
  98  7:00  Zergling x14  
  100  7:12  Zergling x4  
  100  7:13  Zergling x6  
  100  7:14  Drone x6  
  100  7:15  Drone x3  
  113  7:18  Extractor  
  113  7:19  Extractor  
  110  7:30  Drone  
  110  7:31  Drone x3  
  110  7:32  Drone x3  
  110  7:33  Baneling x5  
  110  7:34  Baneling x2  
  117  7:38  Overlord x2  
  117  7:40  Mutalisk  
  117  7:41  Mutalisk x5, Hatchery, Zerg Flyer Weapons Level 1  
  117  7:43  Baneling x4, Overseer  
  128  7:44  Mutalisk  
  128  7:46  Mutalisk x2  
  128  7:58  Mutalisk x3  
  123  8:01  Drone x3  
  123  8:02  Drone x2  
  132  8:07  Zergling x10  
  132  8:08  Zergling x6  
  132  8:12  Zergling x2  
  141  8:14  Extractor  
  135  8:21  Zergling x8  
  135  8:22  Hatchery  
  135  8:26  Mutalisk  
  135  8:27  Mutalisk x3  
  139  8:31  Baneling  
  139  8:32  Baneling x6  
  145  8:34  Drone x2  
  145  8:37  Zerg Ground Armor Level 2  
  145  8:38  Zergling x2  
  145  8:39  Zergling x6  
  151  8:47  Extractor, Queen  
  151  8:48  Zergling x2  
  151  8:50  Extractor  
  151  8:55  Zergling x2  
  152  8:56  Overlord x4  
  150  9:11  Zergling x4  
  150  9:12  Overlord x2  
  150  9:13  Zerg Melee Weapons Level 2, Overlord  
  150  9:15  Overlord  
  149  9:22  Drone x3  
  140  9:26  Zergling x2  
  140  9:27  Zergling x30  
  153  9:32  Zergling x2  
  153  9:36  Queen  
  153  9:37  Zergling x4  
  155  9:41  Zergling x6  
  155  9:43  Drone x3  
  159  9:46  Baneling x7  
  159  9:47  Baneling x8  
  159  9:48  Mutalisk  
  159  9:49  Mutalisk x2  
  165  9:53  Mutalisk x5  
  165  9:56  Mutalisk x2  
  165  9:57  Zergling x4  
  177  10:01  Zergling x4  
  179  10:10  Mutalisk x3  
  172  10:19  Zergling x2  
  172  10:20  Zergling x16  
  166  10:30  Zergling x2  
  166  10:33  Zergling x4  
  166  10:34  Zergling x16  
  157  10:54  Mutalisk  
  157  10:55  Mutalisk x6, Hatchery  
  157  10:56  Mutalisk x2  
  160  10:57  Zergling x6  
  160  10:58  Zergling x4  
  160  11:03  Baneling  
  164  11:04  Baneling x6  
  164  11:05  Drone x2  
  164  11:06  Drone x2  
  168  11:13  Mutalisk  
  168  11:17  Baneling x5  
  168  11:18  Baneling x3  
  170  11:19  Drone x2  
  172  11:27  Zergling x12  
  172  11:28  Zergling x4  
Tags
 
Add a new tag
Caveats
  • Supply blocks, unpowered buildings, or Contaminate may cause inaccurate times.
  • Supply counts are checked every 10 seconds.